 Dungeon Crawl Stone Soup version 0.19-a0-1682-g5114f93 (webtiles) character file.

9541 Amciq the Fighter (level 11, -2/99 HPs)
             Began as a Minotaur Fighter on Sept 24, 2016.
             Was a Believer of Cheibriados.
             Slain by Snorg (12 damage)
             ... on level 10 of the Dungeon.
             The game lasted 00:33:13 (8823 turns).

Amciq the Fighter (Minotaur Fighter)                Turns: 8823, Time: 00:33:14

Health: -2/99      AC: 16    Str: 28    XL:     11   Next: 24%
Magic:  5/12       EV: 13    Int: 11    God:    Cheibriados [**....]
Gold:   408        SH: 13    Dex: 18    Spells: 0 memorised, 10 levels left

rFire  . . .     SeeInvis .     n - +3 flail (crush)
rCold  . . .     Gourm    .     b - +0 scale mail
rNeg   . . .     Faith    .     c - +0 shield
rPois  +         Spirit   .     (helmet restricted)
rElec  +         Dismiss  .     k - +0 cloak
rCorr  .         Reflect  .     q - +1 pair of gloves
MR     .....     Harm     .     (no boots)
Stlth  .......... NoTele   +    (no amulet)
                                s - +3 ring of protection
                                w - ring of Bahuu {-Tele rElec rPois Stlth-}

@: flying, very slow
A: retaliatory headbutt, horns 2
a: Bend Time, Renounce Religion


You were on level 10 of the Dungeon.
You worshipped Cheibriados.
Cheibriados was pleased with you.
You were hungry.

You visited 1 branch of the dungeon, and saw 10 of its levels.

You collected 609 gold pieces.
You spent 201 gold pieces at shops.

Inventory:

Hand Weapons
 n - a +3 flail of crushing (weapon)
Armour
 b - a +0 scale mail (worn)
 c - a +0 shield (worn)
 k - a +0 cloak (worn)
 q - a +1 pair of gloves (worn)
Jewellery
 s - a +3 ring of protection (right hand)
 u - an uncursed ring of see invisible
 w - the ring of Bahuu (left hand) {-Tele rElec rPois Stlth-}
   (You bought it in a shop on level 4 of the Dungeon)

   [ring of loudness]

   It insulates you from electricity.
   It protects you from poison.
   It prevents most forms of teleportation.
   It makes you less stealthy.
Wands
 G - a wand of disintegration (10/24)
Scrolls
 d - a scroll of summoning {unknown}
 e - a scroll of blinking
 i - 2 scrolls of identify
 j - 2 scrolls of fog
 l - 2 scrolls of remove curse
 o - 5 scrolls of teleportation
 r - 4 scrolls of amnesia
 x - a scroll of enchant armour
Potions
 h - 3 potions of curing
Comestibles
 a - 2 beef jerkies
 f - 4 bread rations
 g - a chunk of flesh
 m - 5 fruits
 p - 8 meat rations
 z - 3 royal jellies


   Skills:
 * Level 10.0 Fighting
 * Level 9.5 Maces & Flails
 * Level 9.8 Armour
 + Level 5.9 Dodging
 * Level 10.0 Shields
 + Level 5.8 Unarmed Combat
 * Level 3.7 Invocations


You had 10 spell levels left.
You didn't know any spells.

Dungeon Overview and Level Annotations

Branches:
Dungeon (10/15)            Temple (0/1) D:7
   Lair: D:8-11         Orc: D:9-12

Altars:
Cheibriados
Kikubaaqudgha
Nemelex Xobeh
Qazlal
Xom

Shops:
D:4 =   D:6 *

Annotations:
D:10 Erolcha, Snorg


Innate Abilities, Weirdness & Mutations

You reflexively headbutt those who attack you in melee.
You have a pair of horns on your head.


Message History

Snorg is moderately wounded.
Snorg bites you!
* * * LOW HITPOINT WARNING * * *
Snorg completely misses you. Snorg claws you.
* * * LOW HITPOINT WARNING * * *
You feel better.
Snorg is no longer berserk.
You block Snorg's attack. Snorg claws you but does no damage. Snorg claws you.
* * * LOW HITPOINT WARNING * * *
Snorg closely misses you. Snorg barely misses you. x2
You feel very buoyant.
You fly up into the air.
You feel a little less agile now. Snorg bites you but does no damage.
Snorg claws you.
* * * LOW HITPOINT WARNING * * *
You block Snorg's attack.
There is an open door here.
Snorg looks more energetic.
Snorg goes berserk!
Snorg barely misses you. Snorg claws you!
You die...

+......'......##.#
#......###....##.#
#............)##.#
.....#.#.##.#
.....#...##.#
.....##..##'###
..............#
...........T..########
..........@..'.......
.............########
.............#
.............#
####....)....#
#.......).#
#.....(...#######
#.....(...........
#.....((..........


You could see Snorg (berserk).

Vanquished Creatures
  The ghost of AlphabetPasta the Carver, a journeyman DgWn (D:10)
  A centaur warrior (D:9)
  The ghost of moogleknight the Skirmisher, an amateur FoAK of Lugonu (D:5)
  A troll (D:8)
  Eustachio (D:5)
  A wyvern (D:8)
  10 yaks
  Grum (D:10)
  A steam dragon (D:10)
  Edmund (D:4)
  A water moccasin (D:7)
  An orc warrior (D:7)
  A wasp (D:7)
  3 sky beasts
  8 ogres
  A phantom (D:10)
  The ghost of moogleknight the Skirmisher, an amateur FoAK of Lugonu (D:3)
  5 centaurs
  4 wolves (D:10)
  2 big kobolds
  7 bullfrogs
  2 scorpions
  16 killer bees
  6 wights
  3 howler monkeys
  A crimson imp (D:10)
  A centaur zombie (D:7)
  A wasp zombie (D:8)
  2 bullfrog zombies
  2 jellies
  3 orc priests
  4 orc wizards
  2 centaur skeletons
  6 hounds
  A bullfrog skeleton (D:4)
  An iguana (D:8)
  3 gnoll shamans (D:6)
  11 worker ants
  4 hound skeletons
  Robin (D:3)
  36 gnolls
  A howler monkey skeleton (D:8)
  8 adders
  2 shadow imps
  An ooze (D:3)
  An adder zombie (D:5)
  2 adder skeletons (D:8)
  5 dart slugs
  5 leopard geckos
  27 orcs
  4 giant cockroaches
  16 goblins
  8 hobgoblins
  30 jackals
  18 kobolds
  6 quokkas
  A ball python (D:4)
  7 bats
  6 frilled lizards
  A jackal zombie (D:8)
  A leopard gecko skeleton (D:8)
  A quokka zombie (D:6)
  4 rats
314 creatures vanquished.

Notes
Turn   | Place    | Note
-------+----------+-------------------------------------------
     0 | D:1      | Amciq the Minotaur Fighter began the quest for the Orb.
     0 | D:1      | Reached XP level 1. HP: 19/19 MP: 0/0
   144 | D:1      | Reached XP level 2. HP: 27/27 MP: 1/1
   213 | D:1      | Reached skill level 1 in Dodging
   548 | D:1      | Reached XP level 3. HP: 33/33 MP: 2/2
  1085 | D:2      | Reached XP level 4. HP: 40/40 MP: 3/3
  1150 | D:3      | Noticed Robin
  1283 | D:3      | Killed Robin
  1429 | D:3      | Noticed moogleknight's ghost (amateur FoAK)
  1437 | D:3      | Killed moogleknight's ghost
  1437 | D:3      | Reached XP level 5. HP: 47/47 MP: 4/4
  1634 | D:3      | Found a shimmering altar of Xom.
  1950 | D:3      | Reached skill level 5 in Fighting
  2034 | D:4      | Noticed an ogre
  2043 | D:4      | Killed an ogre
  2043 | D:4      | Reached skill level 5 in Shields
  2043 | D:4      | Reached skill level 1 in Unarmed Combat
  2043 | D:4      | Reached XP level 6. HP: 40/56 MP: 5/5
  2181 | D:4      | Reached skill level 5 in Armour
  2308 | D:4      | Reached XP level 7. HP: 35/62 MP: 6/6
  2489 | D:4      | Noticed Edmund
  2511 | D:4      | Killed Edmund
  2511 | D:4      | Reached skill level 5 in Maces & Flails
  2726 | D:4      | Found Gyekkyh's Jewellery Shoppe.
  2779 | D:4      | Got a silken robe
  2785 | D:4      | Bought the ring of Bahuu {-Tele rElec rPois Stlth-} for 201 gold pieces
  2797 | D:4      | Identified the +2 robe of a ziggurat {+Fly rElec} (You took it off an orc on level 4 of the Dungeon)
  2920 | D:5      | Entered Level 5 of the Dungeon
  3149 | D:5      | Noticed moogleknight's ghost (amateur FoAK)
  3173 | D:5      | Killed moogleknight's ghost
  3173 | D:5      | Reached XP level 8. HP: 61/70 MP: 7/7
  3522 | D:5      | Noticed Eustachio
  3615 | D:5      | Killed Eustachio
  3909 | D:6      | Reached XP level 9. HP: 34/79 MP: 8/8
  4264 | D:6      | Got a scorched hunting sling
  4265 | D:6      | Identified the +7 hunting sling "Nenkible" {velocity, Int+4 Dex+5} (You found it on level 6 of the Dungeon)
  5279 | D:6      | Found Nocre's Assorted Antiques.
  5859 | D:7      | Found a sparkling altar of Nemelex Xobeh.
  5865 | D:7      | Found a stormy altar of Qazlal.
  5875 | D:7      | Found a staircase to the Ecumenical Temple.
  6389 | D:8      | Found a snail-covered altar of Cheibriados.
  6402 | D:8      | Became a worshipper of Cheibriados the Contemplative
  6445 | D:8      | Reached XP level 10. HP: 89/90 MP: 9/9
  6496 | D:8      | Found a shimmering altar of Xom.
  6501 | D:8      | Reached skill level 1 in Invocations
  6621 | D:8      | Found an ancient bone altar of Kikubaaqudgha.
  6699 | D:8      | Reached skill level 5 in Dodging
  7014 | D:8      | Reached * piety under Cheibriados
  7980 | D:9      | Reached skill level 5 in Unarmed Combat
  8190 | D:9      | Noticed a centaur warrior
  8202 | D:9      | Killed a centaur warrior
  8461 | D:10     | Entered Level 10 of the Dungeon
  8527 | D:10     | Reached ** piety under Cheibriados
  8566 | D:10     | Noticed AlphabetPasta's ghost (journeyman DgWn)
  8580 | D:10     | Reached XP level 11. HP: 72/99 MP: 12/12
  8597 | D:10     | Killed AlphabetPasta's ghost
  8647 | D:10     | Noticed Grum
  8672 | D:10     | Killed Grum
  8673 | D:10     | Reached skill level 10 in Shields
  8679 | D:10     | Reached skill level 10 in Fighting
  8763 | D:10     | Noticed Snorg
  8776 | D:10     | Noticed Erolcha
  8812 | D:10     | HP: 4/99 [Snorg (5)]
  8823 | D:10     | Slain by Snorg

Vault maps used:
D:1:      saegor_arrival_simple_a
D:3:      corexii_shack_village, xom_teletrap_fun, uniq_robin
D:4:      serial_shops, shop, first_bread, serial_glass, glass_columns_b,
          glass_columns_b, item_on_display_a, minmay_strange_pillars,
          minmay_strange_pillars, uniq_edmund
D:5:      uniq_eustachio
D:6:      lemuel_castle_with_subvaults, serial_shops, shop
D:7:      grunt_qazlal_sundering, nemelex_xobeh_ov_fountains_minmay
D:8:      kennysheep_six_static_rooms, cheibriados_altar_1,
          lemuel_crystal_altar, basic_altar
D:10:     orc_0_dummy, uniq_snorg, uniq_grum, uniq_erolcha

Skill      XL: |  1  2  3  4  5  6  7  8  9 10 11 |
---------------+----------------------------------+-----
Dodging        | 1 2 3 4 5 |  5.9
Fighting       | 4 5 6 7 8 9 10 | 10.0
Shields        | 4 5 6 7 8 9 10 | 10.0
Maces & Flails | 3 4 6 8 9 |  9.5
Armour         | 4 5 6 7 8 9 |  9.8
Unarmed Combat | 1 2 3 4 5 |  5.8
Invocations    | 3 |  3.7

Action                   |  1- 3 |  4- 6 |  7- 9 | 10-12 || total
-------------------------+-------+-------+-------+-------++-------
Melee: Flail             |    93 |   122 |   505 |   243 ||   963
       Headbutt          |    12 |    11 |   101 |    65 ||   189
Invok: Bend Time         |       |       |       |    10 ||    10
  Use: Potion            |       |     3 |     2 |     8 ||    13
       Scroll            |       |     6 |     3 |     9 ||    18
  Eat: Chunk             |       |     6 |    14 |     5 ||    25
Armor: Scale mail        |    49 |    62 |   207 |   108 ||   426
Dodge: Dodged            |    28 |    55 |   167 |   167 ||   417
Block: Shield            |    46 |    74 |   322 |   210 ||   652
